[Event "CIS Master Groups 2024"]
[Site "Vasto"]
[Date "2024.04.08"]
[Round "1.1"]
[White "Jianu, Vlad-Cristian"]
[Black "Predke, Alexandr"]
[Result "0-1"]
[ECO "A53"]
[WhiteElo "2491"]
[BlackElo "2673"]
[Annotator "TA"]
[PlyCount "80"]
[EventDate "2024.04.07"]
[EventType "team-tourn"]
[EventCountry "ITA"]
[SourceTitle "playchess.com"]
[Source "ChessBase"]
[SourceQuality "1"]
[TimeControl "40/5400+30:900+30"]

1. Nf3 Nf6 2. c4 d6 3. d4 Bg4 4. Nc3 Nbd7 5. e3 e6 6. h3 Bh5 7. Be2 c6 8. e4 {[%emt 0:06:23] White is slightly better.} Bg6 9. Bd3 e5 10. Be3 Be7 11. O-O O-O 12. Re1 a6 13. Rc1 b5 14. cxb5 (14. Qc2 $5) 14... axb5 15. a3 Qb8 16. Nh4 b4 17. Nxg6 hxg6 18. axb4 Qxb4 19. Ne2 Rfc8 20. Qd2 Rab8 21. Rc2 c5 22. Qxb4 Rxb4 23. Bd2 Rbb8 24. dxc5 Nxc5 25. Nc1 Bd8 26. Kf1 (26. b3 $11) 26... Rc7 (26... Nxd3 27. Rxc8 Rxc8 28. Nxd3 $11) ({Black should play} 26... Ncxe4 $17 27. Bxe4 (27. Rxe4 $2 Nxe4 28. Be1 Nxf2 $19) 27... Nxe4) 27. Bc3 $11 Na4 28. f3 Rcb7 29. Bc4 Nxb2 30. Bb3 {[%emt 0:01:24] A strong pair of Bishops.} Rc8 $1 (30... Rxb3 31. Nxb3 Nc4 32. Nd2 Nxd2+ 33. Bxd2 $18 (33. Rxd2 Nh5 $16)) 31. Ree2 Nd3 {[%emt 0:00:30] Black is more active.} 32. Bxf7+ $2 {[%emt 0:00:30] [#] Loses the game.} (32. Nxd3 $17 {might work better.} Rxb3 33. Bb4) 32... Kxf7 $19 33. Nxd3 Rbc7 34. Re3 $2 (34. Ba5 Rxc2 35. Rxc2 Rxc2 36. Bxd8) 34... Nh5 (34... Rxc3 35. Rxc3 Rxc3 36. Nxe5+ dxe5 37. Rxc3 $11) 35. Nb4 Bg5 36. f4 (36. Rd3 $142 Nf4 37. Re3) 36... exf4 {[%emt 0:00:36] Black is clearly winning.} 37. Rd3 Ng3+ 38. Ke1 Nxe4 39. Nd5 Rc5 40. Kf1 Bf6 {[%emt 0:01:10] Weighted Error Value: White=0.31/Black=0.08 (flawless) .  Loses game:     	White=1     	---        Mistake:       	White=3     	Black=1      Inaccurate:     	White=2     	---        OK:         	White=12    	Black=16     Best:        	White=2     	Black=3      Strong:       	---       	Black=1} 0-1

[Event "CIS Master Groups 2024"]
[Site "Vasto"]
[Date "2024.04.08"]
[Round "1.2"]
[White "Brunello, Sabino"]
[Black "Yao, Stefano"]
[Result "1/2-1/2"]
[ECO "D35"]
[WhiteElo "2515"]
[BlackElo "2289"]
[Annotator "TA"]
[PlyCount "141"]
[EventDate "2024.04.07"]
[EventType "team-tourn"]
[EventCountry "ITA"]
[SourceTitle "playchess.com"]
[Source "ChessBase"]
[SourceQuality "1"]
[TimeControl "40/5400+30:900+30"]

1. d4 d5 2. c4 e6 3. Nf3 Nf6 4. Nc3 Be7 5. cxd5 exd5 6. Bf4 c6 7. e3 Bf5 8. h3 Qb6 9. Qc1 h6 10. g4 Bh7 11. g5 hxg5 12. Bxg5 Nbd7 13. h4 Bf5 14. Bh3 Bxh3 15. Rxh3 Bb4 16. Bxf6 Nxf6 17. a3 Bxc3+ 18. Qxc3 Ne4 19. Qc2 O-O-O 20. Ne5 Qc7 21. O-O-O Rh5 22. Rg1 g6 23. Rf3 Rh7 24. Kb1 Rdh8 25. Rg4 Kb8 26. Rgf4 f6 27. Nxg6 Rg8 28. Rxe4 dxe4 29. Qxe4 Qd6 30. Qf5 ({White should try} 30. Rf5 $1 $14) 30... Rh6 (30... c5 $11) 31. h5 $14 (31. Qxf6 $2 Qxf6 (31... Rgxg6 $2 32. Qf7 $19) 32. Rxf6 Rgxg6 (32... Rhxg6 $2 33. Rf5 $19) 33. Rf8+ Kc7 34. Rf7+ Kb6 $19) 31... a6 32. Rf4 Ka8 33. Kc2 Rd8 34. Re4 ({Don't play} 34. Qxf6 Qxf6 35. Rxf6 Rxh5 $16) 34... Qd5 (34... c5 $1 $11) 35. Qxd5 $14 (35. Qxf6 $2 {is the wrong capture.} Qxe4+ 36. Kd2 Qd5 $19) 35... Rxd5 36. Nf4 Rf5 37. Kd3 a5 38. a4 Ka7 {[%emt 0:00:22] [#]} (38... b5 $16) 39. Re6 $1 $18 Rg5 40. Re7 $2 (40. e4 $18) 40... Rg1 $14 41. Ne6 (41. e4 $16) 41... Rd1+ 42. Kc2 Rf1 43. f4 Rxh5 44. Nc5 Rf2+ 45. Kc3 Rh3 46. Nxb7 Rxe3+ $1 ({Avoid the trap} 46... Kb6 $2 47. Nc5 $18) 47. Rxe3 Kxb7 48. b4 axb4+ 49. Kxb4 Rxf4 50. Re7+ Kb6 51. a5+ Ka6 52. Kc5 Rf1 53. Kxc6 Kxa5 $2 (53... Rc1+ $11 {and Black is okay.} 54. Kd6 Kxa5) 54. d5 $18 Rc1+ 55. Kd6 $2 ({Only move:} 55. Kd7 $18 {Black must now prevent Rf7.} f5 56. d6) 55... Kb6 56. Re8 Kb7 57. Rf8 Rd1 58. Rxf6 Kc8 59. Rf8+ Kb7 60. Rd8 Rh1 61. Re8 Rd1 62. Rf8 Rd2 63. Ke6 Kc7 64. Rf7+ Kd8 65. Kd6 Kc8 66. Rc7+ Kd8 67. Ra7 Kc8 $1 68. Ra8+ Kb7 69. Rd8 Rh2 70. Re8 Rd2 71. Rd8 1/2-1/2

[Event "CIS Master Groups 2024"]
[Site "Vasto"]
[Date "2024.04.08"]
[Round "1.3"]
[White "Pitica, Silviu Valentin"]
[Black "Dvirnyy, Danyyil"]
[Result "0-1"]
[ECO "C11"]
[WhiteElo "2228"]
[BlackElo "2480"]
[Annotator "TA"]
[PlyCount "81"]
[EventDate "2024.04.07"]
[EventType "team-tourn"]
[EventCountry "ITA"]
[SourceTitle "playchess.com"]
[Source "ChessBase"]
[SourceQuality "1"]
[TimeControl "40/5400+30:900+30"]

1. e4 e6 2. d4 d5 3. Nc3 Nf6 4. e5 Nfd7 5. f4 c5 6. Nf3 Nc6 7. Be3 Be7 8. Qd2 a6 9. dxc5 Nxc5 10. O-O-O Qa5 11. Kb1 b5 {[%emt 0:02:27] The position is equal.} 12. Bd3 Rb8 13. Nd4 Qc7 14. Nxc6 Qxc6 15. Ne2 Ne4 (15... Nxd3 16. Nd4 Qb7 17. Qxd3 $14) (15... Bd7 $11) 16. Bxe4 dxe4 17. g4 O-O (17... Bb7 $11) 18. Qc3 ({Better is} 18. f5 $14) 18... Bb7 19. Qxc6 Bxc6 20. Rd2 Rbd8 21. Rhd1 Rxd2 22. Rxd2 f6 23. exf6 gxf6 24. Nd4 Bd5 25. f5 Kf7 26. c3 (26. c4 Bxc4 (26... bxc4 27. h3 $17) 27. fxe6+ Bxe6 28. Nxe6 Kxe6 $17) (26. a4 $11) 26... Rg8 $17 27. h3 h5 $1 28. fxe6+ ({Reject} 28. gxh5 Rg3 29. fxe6+ Bxe6 $17) 28... Bxe6 29. Nxe6 Kxe6 30. gxh5 $15 {[%emt 0:04:56][%mdl 4096] [#] Endgame. KRB-KRB. White does not recover from this.} (30. Rg2 $17) 30... Rg3 $1 $19 31. Re2 Rxh3 32. h6 Bf8 33. Bd4 f5 ({Not} 33... Bxh6 34. Rxe4+ Kd5 35. Re2 $15) 34. Rg2 (34. h7 {is a better defense.} Rxh7 35. Re1) 34... Rxh6 {[%emt 0:03:25] Black is clearly winning.} 35. Rg8 Be7 36. Ra8 Kd5 {[%emt 0:01:22] Threatens to win with ...f4.} 37. Ra7 Re6 38. Rd7+ Bd6 39. Be3 Ke5 {[%emt 0:01:26] [#] Strongly threatening ...f4.} 40. Kc2 f4 41. Bd4+ {[%emt 0:15:15] Weighted Error Value: White=0.42/Black=0.16 (very precise) .  Loses game:     	White=1     	---        Mistake:       	White=3     	Black=2      Inaccurate:     	White=3     	Black=1      OK:         	White=12    	Black=12     Best:        	---       	Black=2      Strong:       	---       	Black=1} 0-1

[Event "CIS Master Groups 2024"]
[Site "Vasto"]
[Date "2024.04.08"]
[Round "1.4"]
[White "Gilevych, Artem"]
[Black "Tripodi, Enzo"]
[Result "1-0"]
[ECO "D32"]
[WhiteElo "2417"]
[BlackElo "2152"]
[Annotator "TA"]
[PlyCount "113"]
[EventDate "2024.04.07"]
[EventType "team-tourn"]
[EventCountry "ITA"]
[SourceTitle "playchess.com"]
[Source "ChessBase"]
[SourceQuality "1"]
[TimeControl "40/5400+30:900+30"]

1. Nf3 d5 2. d4 Nf6 3. c4 e6 4. e3 c5 5. Nc3 Nc6 6. cxd5 exd5 7. Bb5 Bd6 8. O-O O-O 9. dxc5 Bxc5 10. b3 Bg4 11. h3 Bh5 12. Be2 a6 13. Bb2 {[%emt 0:00:19] White has an edge.} Qd6 14. Rc1 Rad8 15. Nh4 Bg6 (15... d4 {seems wilder.} 16. Bxh5 dxc3 17. Rxc3 Qe5) 16. Nxg6 hxg6 17. Bf3 Ba7 18. Ne2 Ne5 19. Nd4 Bb8 20. g3 Rfe8 21. Bg2 {[%emt 0:01:26] A strong pair of Bishops.} Ne4 22. Qe2 Nd7 23. Rfd1 Ndf6 24. Rc2 Rd7 25. Qe1 Rde7 26. Ne2 Ba7 27. Bd4 (27. Nf4 Nxf2 (27... Nxg3 28. Nxd5 Nxd5 29. Bxd5 $16) 28. Rxf2 (28. Qxf2 $2 Bxe3 29. Bxd5 Nxd5 $19) 28... Rxe3 $17) 27... Bxd4 28. Rxd4 Qe5 29. Rd1 g5 30. Nc3 (30. g4 $14) 30... Qf5 (30... Rc7 $15 31. Bxe4 Nxe4 (31... dxe4 32. Rcc1 $11) 32. Rxd5 Qe6) 31. Nxe4 $14 dxe4 {[%emt 0:00:06] White stays focused until the end.} 32. g4 Qb5 33. Rc4 Nd7 {[%emt 0:00:42] [#]} (33... Qb6 $142) 34. Qc3 $1 $16 Nb6 (34... Qe5 $16 {was necessary.} 35. Bxe4 Qxc3 36. Rxc3 Ne5) 35. a4 $18 Qe5 36. Qxe5 Rxe5 37. Rc7 R5e7 38. Rxe7 Rxe7 {[%emt 0:00:02][%mdl 4096] Endgame. KRB-KRN} 39. Rd8+ Kh7 40. Rd4 g6 $2 (40... Nc8 {might work better.} 41. Bxe4+ (41. Rxe4 Rd7 $18) 41... g6) 41. Rxe4 ({Weaker is} 41. Bxe4 Nc8 42. Bf3 Rc7 $18) 41... Rd7 42. Rd4 {[%emt 0:00:00] aiming for a5.} Rc7 43. Rb4 Rc1+ 44. Kh2 Nd7 45. Rxb7 Rd1 46. b4 Kg7 47. a5 Rd2 48. Kg3 Ne5 49. Bf1 Kh6 50. Rb6 Rd1 51. Kg2 (51. Bxa6 $2 {gets mated.} Rg1+ 52. Kh2 Nf3#) 51... Kg7 52. Rxa6 f5 53. Re6 Rd5 54. gxf5 gxf5 55. a6 {[%emt 0:00:00][%cal Ba5a6,Ba6a7][%mdl 32] Threatens to win with a7.} Ng6 {[%emt 0:01:44] [#]} 56. Rxg6+ $1 Kxg6 57. a7 {[%emt 0:00:00] Weighted Error Value: White=0.09 (flawless) /Black=0.28 (precise) .  Mistake:       	White=1     	Black=4      Inaccurate:     	White=1     	Black=5      OK:         	White=18    	Black=8      Best:        	White=2     	Black=1} 1-0

[Event "CIS Master Groups 2024"]
[Site "Vasto"]
[Date "2024.04.08"]
[Round "1.5"]
[White "Livaic, Leon"]
[Black "Eljanov, Pavel"]
[Result "1/2-1/2"]
[ECO "E18"]
[WhiteElo "2549"]
[BlackElo "2706"]
[Annotator "TA"]
[PlyCount "76"]
[EventDate "2024.04.07"]
[EventType "team-tourn"]
[EventCountry "ITA"]
[SourceTitle "playchess.com"]
[Source "ChessBase"]
[SourceQuality "1"]
[TimeControl "40/5400+30:900+30"]

1. d4 Nf6 2. c4 e6 3. Nf3 b6 4. g3 Bb7 5. Bg2 Be7 6. O-O O-O 7. Nc3 Ne4 8. Bd2 Bf6 9. Qc2 Nxd2 10. Qxd2 d6 11. Rfd1 Nd7 12. Qc2 g6 13. h4 Bg7 14. Ng5 Bxg2 15. Kxg2 Qe7 16. Nf3 c6 17. h5 d5 18. cxd5 cxd5 {[%emt 0:00:17] The position is equal.} 19. Rac1 a6 20. hxg6 hxg6 21. Nb1 b5 22. Qc7 Rfd8 23. Rc2 Qe8 24. Qf4 Rac8 25. Rdc1 Rc4 26. Qd2 e5 27. dxe5 Nxe5 28. Nxe5 Rxc2 29. Rxc2 Qxe5 30. Qd3 Re8 31. e3 d4 32. Qxd4 Qe6 33. Qc5 Qxa2 34. Nc3 Qb3 35. Rd2 Bxc3 36. Qxc3 Qxc3 37. bxc3 Kf8 38. Rd7 Rc8 {[%emt 0:02:24] An even fight not without its subleties.   Weighted Error Value: White=0.02 (flawless) /Black=0.01 (flawless) .  OK:         	White=12    	Black=8      Best:        	---       	Black=1} 1/2-1/2

[Event "CIS Master Groups 2024"]
[Site "Vasto"]
[Date "2024.04.08"]
[Round "1.6"]
[White "Sonis, Francesco"]
[Black "Marchesich, Giovanni"]
[Result "1-0"]
[ECO "D76"]
[WhiteElo "2562"]
[BlackElo "2226"]
[Annotator "TA"]
[PlyCount "59"]
[EventDate "2024.04.07"]
[EventType "team-tourn"]
[EventCountry "ITA"]
[SourceTitle "playchess.com"]
[Source "ChessBase"]
[SourceQuality "1"]
[TimeControl "40/5400+30:900+30"]

1. Nf3 Nf6 2. c4 g6 3. g3 Bg7 4. Bg2 O-O 5. O-O d5 6. cxd5 Nxd5 7. d4 Nb6 8. Nc3 Nc6 9. e3 Re8 10. Nd2 e5 11. d5 Nb4 12. Nb3 {[%emt 0:00:00] The position is equal.} e4 13. Nxe4 N4xd5 14. Nec5 c6 (14... Qd6 $11) 15. e4 $16 Nc7 16. Qc2 (16. Qxd8 $14 Rxd8 17. Na5) 16... Ne6 17. Be3 Qf6 18. Nd3 Ng5 19. f3 Be6 20. Nd2 {[%emt 0:00:00] Prevents Bc4.} Nh3+ 21. Kh1 Rad8 {[%emt 0:01:50] [#]} 22. a4 $1 g5 23. a5 Nc8 24. a6 b6 25. f4 $36 {[%emt 0:00:00][%mdl 2048] Strongly threatening f5. White has strong initiative.} ({Don't take} 25. Qxc6 Qe7 26. Qc2 Qd7 $14) 25... gxf4 (25... Ne7 $16 26. fxg5 Qg6) 26. gxf4 $18 {[%emt 0:00:00][%cal Of4f5] Black must now prevent f5!} ({And not} 26. Nxf4 Nxf4 27. gxf4 Qxb2 28. Qxb2 Bxb2 $11) 26... Bg4 27. Nc4 c5 28. Nce5 Qh4 {[%emt 0:00:19][%mdl 8192] [#]} (28... h5 $16 {is more resistant.} 29. Bxh3 Bxh3) 29. Nxg4 Qxg4 30. Rf3 {[%emt 0:00:00] Weighted Error Value: White=0.15 (very precise) /Black=0.41.  Loses game:     	---       	Black=1      Mistake:       	White=1     	Black=2      Inaccurate:     	White=1     	Black=3      OK:         	White=7     	Black=5      Best:        	White=5     	---        Strong:       	White=1     	---} 1-0

[Event "CIS Master Groups 2024"]
[Site "Vasto"]
[Date "2024.04.08"]
[Round "1.7"]
[White "Casadio, Niccolo`"]
[Black "Paltrinieri, Nicholas"]
[Result "1-0"]
[ECO "C16"]
[WhiteElo "2309"]
[BlackElo "2355"]
[Annotator "RC"]
[PlyCount "111"]
[EventDate "2024.04.07"]
[EventType "team-tourn"]
[EventCountry "ITA"]
[SourceTitle "playchess.com"]
[Source "ChessBase"]
[SourceQuality "1"]
[TimeControl "40/5400+30:900+30"]

1. e4 e6 2. d4 d5 3. Nc3 Bb4 4. e5 b6 5. h4 Qd7 6. h5 h6 7. Qg4 Bf8 8. b4 Nc6 9. a3 Bb7 10. Bd3 O-O-O 11. Nf3 Nge7 12. Ne2 Nf5 13. Qf4 f6 14. b5 Na5 15. g4 Ne7 16. exf6 gxf6 17. Qxf6 Rg8 18. Ne5 Qe8 19. Qxe6+ Kb8 20. Qf7 Bg7 21. Qxe8 Rdxe8 22. f4 Nc4 23. Rg1 c6 24. a4 c5 25. c3 Bc8 26. Nxc4 dxc4 27. Bxc4 cxd4 28. cxd4 Bxd4 29. Nxd4 Nf5+ 30. Ne2 Nd4 31. Bb2 Nf3+ 32. Kf2 Nxg1 33. Rxg1 Rxg4 34. Be5+ Rxe5 35. Rxg4 Rc5 36. f5 Rxf5+ 37. Rf4 Rxh5 38. Nd4 Kc7 39. Nc6 Rf5 40. Ke3 Rxf4 41. Kxf4 a6 42. Ke5 axb5 43. axb5 Bd7 44. Ne7 h5 45. Nd5+ Kb7 46. Nf6 Bxb5 47. Bxb5 h4 48. Kd6 h3 49. Ng4 Ka7 50. Kc7 Ka8 51. Nh2 Ka7 52. Nf3 Ka8 53. Bc6+ Ka7 54. Bb7 h2 55. Nd4 h1=B 56. Nb5# 1-0

[Event "CIS Master Groups 2024"]
[Site "Vasto"]
[Date "2024.04.08"]
[Round "1.8"]
[White "Maldonado Gonzales, Stefano"]
[Black "Sorbera, Giovanni"]
[Result "1-0"]
[ECO "C54"]
[WhiteElo "2218"]
[BlackElo "2148"]
[Annotator "RC"]
[PlyCount "123"]
[EventDate "2024.04.07"]
[EventType "team-tourn"]
[EventCountry "ITA"]
[SourceTitle "playchess.com"]
[Source "ChessBase"]
[SourceQuality "1"]
[TimeControl "40/5400+30:900+30"]

1. e4 e5 2. Nf3 Nc6 3. Bc4 Nf6 4. d3 Bc5 5. O-O d6 6. c3 a6 7. a4 O-O 8. h3 h6 9. Re1 Re8 10. Nbd2 Be6 11. Bxe6 Rxe6 12. b4 Ba7 13. Bb2 Ne7 14. Nf1 Ng6 15. c4 Nf4 16. Ng3 Nh7 17. Bc1 Rf6 18. Bxf4 Rxf4 19. Nh5 Rh4 20. Ng3 g6 21. Nxh4 Qxh4 22. Qf3 h5 23. Nf1 Re8 24. Qg3 Qd8 25. Ne3 Re6 26. Rf1 Bd4 27. Rab1 Qd7 28. b5 a5 29. Kh1 Qd8 30. Nc2 Bc5 31. f4 Re8 32. Qf3 Rf8 33. Qg3 h4 34. Qg4 Nf6 35. Qxh4 Nh5 36. Qg4 exf4 37. d4 Bb6 38. Rf3 Qf6 39. Rd3 Re8 40. Re1 Ng3+ 41. Kh2 Rxe4 42. Rxe4 Nxe4 43. Rf3 g5 44. h4 Nd2 45. Rd3 Ne4 46. hxg5 Nxg5 47. Rh3 Kf8 48. Qc8+ Ke7 49. Rh8 Qg7 50. c5 dxc5 51. dxc5 Bxc5 52. Qd8+ Ke6 53. Re8+ Kf5 54. Qd5+ Kg4 55. Qxc5 f6 56. Qe7 Qh6+ 57. Kg1 Kg3 58. Qe1+ Kg4 59. Nd4 Qg6 60. Rh8 Nh7 61. Qe6+ Kh4 62. Nf3+ 1-0

[Event "CIS Master Groups 2024"]
[Site "Vasto"]
[Date "2024.04.08"]
[Round "1.9"]
[White "Zwirs, Nico"]
[Black "Ivanisevic, Ivan"]
[Result "1/2-1/2"]
[ECO "C24"]
[WhiteElo "2480"]
[BlackElo "2518"]
[Annotator "TA"]
[PlyCount "90"]
[EventDate "2024.04.07"]
[EventType "team-tourn"]
[EventCountry "ITA"]
[SourceTitle "playchess.com"]
[Source "ChessBase"]
[SourceQuality "1"]
[TimeControl "40/5400+30:900+30"]

1. e4 e5 2. Nf3 Nc6 3. Bc4 Nf6 4. d3 d5 5. exd5 Nxd5 6. O-O Nb6 7. Bb5 Bd6 8. Re1 f6 9. d4 {[%emt 0:10:13] White is slightly better.} O-O 10. Bxc6 bxc6 11. dxe5 fxe5 12. Bg5 (12. Nxe5 $2 Bxe5 13. Qxd8 Rxd8 $19) 12... Qe8 13. Nbd2 Qh5 14. Bh4 Bg4 15. Bg3 $1 Rad8 16. Qe2 (16. Bxe5 $2 Bxf3 17. Nxf3 Bxe5 $19) 16... Rde8 17. h3 (17. Bxe5 $2 {perishes.} Bxe5 (17... Rxe5 $2 18. Qxe5 Bxe5 19. Nxe5 $19) 18. Qxe5 Rxe5 $19) 17... Bxf3 {[%emt 0:06:20] The position is equal.} 18. Nxf3 e4 19. Nd2 $132 {[%emt 0:11:28][%mdl 2048] White has counterplay} Qg6 {[%emt 0:02:51] [#] aiming for ...e3.} 20. Bxd6 (20. Nxe4 $2 Bxg3 21. fxg3 Re6 $19) 20... cxd6 21. Qg4 (21. Nxe4 $2 {is the wrong capture.} d5 $19) 21... Qxg4 22. hxg4 d5 23. Re3 Nd7 24. Rae1 Rb8 25. Rb3 a5 26. f3 Ne5 27. fxe4 {[%emt 0:00:09] [#] Hoping for Rxb8.} Nxg4 28. exd5 cxd5 29. Rxb8 Rxb8 $11 {[%emt 0:00:06][%mdl 4096] Endgame. KRN-KRN} 30. b3 a4 31. c4 axb3 32. axb3 dxc4 33. bxc4 Rb2 34. Nf3 Rc2 35. Ne5 Nxe5 36. Rxe5 Rxc4 {[%emt 0:00:07] KR-KR} 37. Re7 h5 38. Re5 g6 39. Re7 Rf4 40. Kh2 Rf7 41. Rxf7 Kxf7 42. g4 $1 h4 (42... hxg4 $5 43. Kg3 $8 Kg8 $11) 43. g5 Ke6 {[%emt 0:00:05] ( -> ...Kf5)} 44. Kh3 Kf5 45. Kxh4 Kf4 {[%emt 0:00:06] Weighted Error Value: White=0.05 (flawless) /Black=0.03 (flawless) .  Inaccurate:     	White=1     	Black=1      OK:         	White=18    	Black=21     Best:        	White=1     	Black=2      Strong:       	White=2     	---} 1/2-1/2

[Event "CIS Master Groups 2024"]
[Site "Vasto"]
[Date "2024.04.08"]
[Round "1.10"]
[White "Seresin, Francesco"]
[Black "Loiacono, Leonardo"]
[Result "1/2-1/2"]
[ECO "A28"]
[WhiteElo "2336"]
[BlackElo "2309"]
[Annotator "RC"]
[PlyCount "69"]
[EventDate "2024.04.07"]
[EventType "team-tourn"]
[EventCountry "ITA"]
[SourceTitle "playchess.com"]
[Source "ChessBase"]
[SourceQuality "1"]
[TimeControl "40/5400+30:900+30"]

1. c4 e5 2. Nc3 Nf6 3. Nf3 Nc6 4. e4 Bb4 5. d3 d6 6. Be2 a5 7. O-O Bg4 8. h3 Bxf3 9. Bxf3 Bc5 10. Kh1 Nd4 11. Be2 Nd7 12. Bg4 O-O 13. Be3 Kh8 14. Ne2 Nxe2 15. Qxe2 Nb8 16. g3 Nc6 17. Kg2 a4 18. a3 Qe8 19. Rab1 Nd4 20. Qd2 b5 21. Qc3 Ra7 22. Rfc1 Qc6 23. cxb5 Qxb5 24. Qc4 Qxc4 25. Rxc4 Rb8 26. Bd1 Bxa3 27. Bxd4 exd4 28. Bxa4 c5 29. b3 Bb4 30. Rb2 Rb6 31. Re2 Kg8 32. Rcc2 Kf8 33. h4 Ke7 34. Ra2 Bc3 35. Kf3 1/2-1/2

[Event "CIS Master Groups 2024"]
[Site "Vasto"]
[Date "2024.04.08"]
[Round "1.11"]
[White "Damia, Angelo"]
[Black "Boraso, Alessio"]
[Result "1/2-1/2"]
[ECO "C01"]
[WhiteElo "2234"]
[BlackElo "2291"]
[Annotator "RC"]
[PlyCount "130"]
[EventDate "2024.04.07"]
[EventType "team-tourn"]
[EventCountry "ITA"]
[SourceTitle "playchess.com"]
[Source "ChessBase"]
[SourceQuality "1"]
[TimeControl "40/5400+30:900+30"]

1. e4 e6 2. d4 d5 3. Bd3 c5 4. exd5 exd5 5. Nc3 Nc6 6. Nf3 c4 7. Be2 Nf6 8. O-O Be7 9. b3 cxb3 10. axb3 O-O 11. Ne5 Bb4 12. Nb5 Ne4 13. Bb2 a6 14. f3 Nf6 15. c4 Bf5 16. Na3 Rc8 17. Bd3 Bxd3 18. Nxc6 Rxc6 19. Qxd3 Re6 20. Nc2 Bd6 21. Ba3 Rfe8 22. Bxd6 Qxd6 23. Rfe1 Nh5 24. Rxe6 Rxe6 25. Re1 Rxe1+ 26. Nxe1 Nf4 27. Qe3 dxc4 28. Qe8+ Qf8 29. Qe4 Ne6 30. bxc4 g6 31. Qxb7 Nxd4 32. Nd3 Qe8 33. Qe4 Qxe4 34. fxe4 f6 35. Kf2 Kf7 36. Ke3 Nc6 37. Kd2 Ne5 38. Nb2 Ke6 39. Kc3 Kd6 40. h3 h5 41. Na4 h4 42. Nb6 Nc6 43. Kd3 a5 44. Na4 g5 45. c5+ Ke5 46. Ke3 Ke6 47. Nb6 Nb4 48. Kd4 Nc6+ 49. Ke3 f5 50. exf5+ Kxf5 51. Kf3 Ne5+ 52. Ke3 g4 53. Kd4 Nc6+ 54. Kd5 Na7 55. Nc4 gxh3 56. gxh3 a4 57. Kd4 Kf4 58. Kc3 Kg3 59. Ne5 Nb5+ 60. Kb4 a3 61. Kb3 Kxh3 62. Nf3 Kg3 63. Nxh4 Kxh4 64. c6 Nd4+ 65. Kxa3 Nxc6 1/2-1/2

[Event "CIS Master Groups 2024"]
[Site "Vasto"]
[Date "2024.04.08"]
[Round "1.12"]
[White "Titze, Leo"]
[Black "Pegno, Mattia"]
[Result "1-0"]
[ECO "D45"]
[WhiteElo "2219"]
[BlackElo "2120"]
[Annotator "RC"]
[PlyCount "169"]
[EventDate "2024.04.07"]
[EventType "team-tourn"]
[EventCountry "ITA"]
[SourceTitle "playchess.com"]
[Source "ChessBase"]
[SourceQuality "1"]
[TimeControl "40/5400+30:900+30"]

1. d4 d5 2. c4 c6 3. Nf3 Nf6 4. Nc3 e6 5. e3 Nbd7 6. Qc2 Bd6 7. Be2 O-O 8. O-O dxc4 9. a4 b6 10. Bxc4 Bb7 11. b3 Rc8 12. Bb2 c5 13. Rad1 Bxf3 14. gxf3 cxd4 15. Rxd4 Ne5 16. Qd1 Nd5 17. Bxd5 exd5 18. f4 Qf6 19. fxe5 Bxe5 20. Nxd5 Qh6 21. Nf4 Bxd4 22. Bxd4 Rfd8 23. Qg4 Rc2 24. Qg3 f6 25. Kh1 Qg5 26. Qxg5 fxg5 27. Nd3 Kf7 28. Rc1 Rdc8 29. Rxc2 Rxc2 30. Kg2 g6 31. Kf3 Ke6 32. h3 Rc8 33. Ke4 Rc2 34. a5 bxa5 35. Bxa7 Kd6 36. Bd4 Ra2 37. f4 gxf4 38. Kxf4 Rh2 39. Kg3 Rd2 40. Ne5 Ra2 41. h4 Kd5 42. Nc4 Ke4 43. Bb6 a4 44. bxa4 Rxa4 45. Nd6+ Ke5 46. Nf7+ Kf6 47. Nh6 Kg7 48. Ng4 Kf7 49. Bd4 Ra6 50. Kf4 Ra5 51. Ne5+ Kg8 52. Kg5 Kg7 53. Kg4 Kg8 54. Nf3 h6 55. e4 Ra4 56. e5 Kf7 57. Kf4 Ke6 58. Ke4 Rb4 59. Ne1 g5 60. Nd3 Rb1 61. Nc5+ Ke7 62. hxg5 hxg5 63. Be3 g4 64. Bg5+ Ke8 65. Bh4 Rh1 66. Bg3 Rf1 67. Nb7 Ke7 68. Bh4+ Kd7 69. Nc5+ Ke8 70. Nd3 Kf7 71. Nf4 Rh1 72. e6+ Ke8 73. Bf2 Rf1 74. Bg3 Rg1 75. Nh5 Rg2 76. Ke5 Re2+ 77. Kf6 Re3 78. Bf4 Re1 79. Ng7+ Kd8 80. Kf7 g3 81. Bxg3 Rf1+ 82. Kg8 Rh1 83. Bf2 Rf1 84. Bh4+ Kc7 85. e7 1-0

[Event "CIS Master Groups 2024"]
[Site "Vasto"]
[Date "2024.04.08"]
[Round "1.13"]
[White "Shevchenko, Kirill"]
[Black "Socko, Bartosz"]
[Result "1-0"]
[ECO "A25"]
[WhiteElo "2675"]
[BlackElo "2565"]
[Annotator "TA"]
[PlyCount "85"]
[EventDate "2024.04.07"]
[EventType "team-tourn"]
[EventCountry "ITA"]
[SourceTitle "playchess.com"]
[Source "ChessBase"]
[SourceQuality "1"]
[TimeControl "40/5400+30:900+30"]

1. c4 e5 2. Nc3 Nc6 3. Nf3 Nf6 4. g3 Bc5 5. Bg2 O-O 6. d3 Re8 7. Bg5 h6 8. Bxf6 Qxf6 {[%emt 0:00:07] The position is equal.} 9. O-O a6 10. Nd2 (10. Ne4 $5 Qe7 $8 11. e3 $11) 10... Qd8 11. Rb1 d6 12. e3 Bf5 13. Nde4 Ba7 14. b4 Ne7 15. b5 c6 16. bxc6 bxc6 {[%emt 0:00:22] [#]} 17. c5 $1 Bxc5 (17... dxc5 18. Qc2) 18. Nxc5 dxc5 19. Ne4 Bxe4 20. dxe4 Qa5 21. Qc2 Rab8 22. Rxb8 Rxb8 23. Rc1 Qa3 24. Bf1 Ng6 ({Much worse is} 24... Rb2 25. Qxc5 Qxc5 26. Rxc5 Rxa2 27. Rxe5 $11) 25. Qxc5 Qxa2 26. Qxc6 Qd2 {[%emt 0:07:43] aiming for ...Rb2.} 27. Bxa6 Rb6 28. Qxb6 Qxc1+ $16 {[%emt 0:00:07][%mdl 4096] Endgame. KQB-KQN} 29. Kg2 {[%emt 0:00:08] White is more active.} Kh7 30. Qd6 Qb1 31. Qd5 f6 32. Bd3 Qb8 33. h4 Qc8 34. Bc4 (34. Be2 $18) 34... Ne7 35. Qf7 Qb7 (35... Qg4 $16) 36. Kf3 $18 {[%emt 0:02:39] Threatens to win with Be6.} Qd7 37. Be6 Qd8 38. g4 Nc6 $2 {[%emt 0:01:34] [#]} (38... Qd1+ $18 39. Kg2 Qd8) 39. g5 $1 fxg5 40. Bf5+ Kh8 41. Qg6 {[%emt 0:15:02][%csl Gf5][%cal Rg6h7] White mates.} Kg8 42. Qxc6 gxh4 43. Qd5+ {[%emt 0:00:00] Weighted Error Value: White=0.03 (flawless) /Black=0.29 (precise) .  Mistake:       	White=1     	Black=2      Inaccurate:     	---       	Black=2      OK:         	White=19    	Black=14     Best:        	White=2     	Black=1      Brilliant:      	White=1     	---} 1-0